 Dungeon Crawl Stone Soup version 0.29-a0-338-g1ff7896281 (webtiles) character file.

Game seed: 18084017439383921342

9 spaghetti the Sneak (level 2, 0/24 HPs)
             Began as a Demonspawn Delver on Apr 18, 2022.
             Killed from afar by a white imp (6 damage)
             ... with a puff of frost
             ... on level 5 of the Dungeon.
             The game lasted 00:00:18 (175 turns).

spaghetti the Sneak (Demonspawn Delver)              Turns: 175, Time: 00:00:19

Health: 0/24       AC:  3    Str: 12    XL:     2   Next: 3%
Magic:  2/2        EV: 11    Int: 11    God:
Gold:   0          SH:  0    Dex: 14    Spells: 1/1 levels left

rFire   . . .      SeeInvis .   a - +0 short sword {short}
rCold   . . .      Faith    .   (no shield)
rNeg    . . .      Spirit   .   b - +0 leather armour
rPois   .          Reflect  .   (no helmet)
rElec   .          Harm     .   (no cloak)
rCorr   .          Rampage  .   (no gloves)
Will    .....                   (no boots)
Stlth   +++.......              (no amulet)
HPRegen 0.08/turn               (no ring)
MPRegen 0.08/turn               (no ring)

@: no status effects
A: foul stench 1
a: no special abilities


You were on level 5 of the Dungeon.
You visited 1 branch of the dungeon, and saw 1 of its levels.


Innate Abilities, Weirdness & Mutations

You may rarely emit foul miasma when damaged in melee.


   Skills:
 - Level 3.0 Fighting
 - Level 1.7 Short Blades
 - Level 1.7 Dodging
 + Level 5.0 Stealth


You had one spell level left.
You didn't know any spells.
Your spell library was empty.

Inventory:

Hand Weapons
 a - a +0 short sword (weapon) {short}
Armour
 b - a +0 leather armour (worn)
Wands
 g - a wand of digging (3)
Scrolls
 c - a scroll of fog
 d - a scroll of magic mapping {!r}
 e - a scroll of fear
 h - a scroll of blinking {unknown}
Potions
 f - a potion of haste {@q3}
 i - a potion of curing {unknown}

Dungeon Overview and Level Annotations

Branches:
Dungeon (5/15)
 Temple: D:4-7

Altars:

##########
#......>.#
#........#
###........#
..........######..
...#####.@........
## #5######...
#Z### #...####
###....## ####5.#
##.# #†# #.#####


You could see a white imp and a scorpion zombie.


Message History

🤖 Initializing magus.rc ...
Options error: Delay interrupt name "hungry" not recognised. (~/.crawlrc:4761) Options error: Bad monster_list_colour key: strict_neutral (~/.crawlrc:4776) ✅ Successfully initialized magus.rc [v1.9.6] Welcome, spaghetti the Demonspawn Delver.
The wondrous Orb of Zot lies far below, as if waiting for you to find it.
Press ? for a list of commands and other information.
Found a scroll labelled UFIOMO QYXZOEL.
Found a stone staircase leading down.
h - a scroll labelled UFIOMO QYXZOEL
i - a fizzy brown potion An adder comes into view.
An adder is nearby!
The adder hisses angrily.
The adder misses you.
You closely miss the adder. The adder closely misses you.
The adder bites you but does no damage.
You hit the adder but do no damage. The adder barely misses you.
You closely miss the adder. The adder bites you. 😕 HP[-1]
You take 1 damage, and now have 17/18 hp.
You hit the adder. The adder bites you.
The adder bites you but does no damage. 😕 HP[-1]
You take 1 damage, and now have 16/18 hp.
You miss the adder. The adder bites you. 😮 HP[-3]
You take 3 damage, and now have 13/18 hp.
You closely miss the adder. The adder closely misses you.
You closely miss the adder. The adder bites you but does no damage.
You closely miss the adder.
The adder bites you but does no damage. x2
You barely miss the adder. The adder bites you but does no damage.
You closely miss the adder. The adder barely misses you.
You barely miss the adder. The adder closely misses you. The adder misses you.
You hit the adder. The adder barely misses you.
You closely miss the adder. The adder closely misses you.
An adder is nearby!
Unknown command.
You hit the adder. The adder closely misses you. The adder misses you.
You hit the adder but do no damage. The adder bites you. 😮 HP[-3]
You take 3 damage, and now have 10/18 hp.
You hit the adder.
You kill the adder!
Your Stealth skill increases to level 5!
You have reached level 2!
Your demonic ancestry asserts itself...
You begin to emit a foul stench of rot and decay. 😮 HP[+4] MP[+1]
You now have 24 max hp (+6).
You regained 4 hp, and now have 14/24 hp.
Your mp is fully restored (2).
Key pressed, stopping explore.
You see here an adder corpse.
A white imp comes into view.
The white imp shouts! 😎 HP[+10]
Your hp is fully restored (24).
A white imp is nearby!
A white imp is nearby!
The white imp gestures at you. The puff of frost hits you! 😮 HP[-10]
You take 10 damage, and now have 14/24 hp.
MASSIVE DAMAGE!! (PAUSE) 2 scorpion zombies come into view.
A water moccasin zombie comes into view.
A hound comes into view.
The white imp gestures at you. The puff of frost misses you.
You see here an adder corpse.
The white imp gestures at you.
The puff of frost misses you. 😮 HP[+1] Unknown command.
You start resting.
A white imp is nearby!
The white imp shouts, "Slither hence, thou weedy bat-fowling pustule!"
The white imp hits you. The white imp freezes you.
* * * LOW HITPOINT WARNING * * *
You emit a cloud of foul miasma! 😨 HP[-4]
You take 4 damage, and now have 11/24 hp.
You hit the white imp but do no damage. The white imp hits you.
* * * LOW HITPOINT WARNING * * *
The white imp freezes you.
* * * LOW HITPOINT WARNING * * *
😱 HP[-6]
You take 6 damage, and now have 5/24 hp.
MASSIVE DAMAGE!! (PAUSE)
You hit the white imp. The white imp barely misses you.
You hit the white imp. The white imp barely misses you.
You closely miss the white imp. The white imp gestures at you.
The puff of frost misses you. 😱 HP[+1]
You closely miss the white imp. The white imp gestures at you.
The puff of frost hits you.
You die...

Skill      XL: |  1 |
---------------+----+-----
Stealth        | 5 |  5.0
Fighting       | |  3.0
Short Blades   | |  1.7
Dodging        | |  1.7

Action                   || total
-------------------------++-------
Melee: Short sword       ||    21
Armor: Leather armour    ||     6
Dodge: Dodged            ||    16

Levels and vault maps discovered:
D:5:      kennysheep_windowed_halls, layout_rooms,
          minmay_temple_entry_stoned_glass, serial_undead, serial_undead_b,
          serial_undead_a, serial_undead_e, serial_undead_d, uniq_eustachio

Notes
Turn   | Place    | Note
-------+----------+-------------------------------------------
     0 | D:5      | spaghetti the Demonspawn Delver began the quest for the
                  | Orb.
     0 | D:5      | Reached XP level 1. HP: 18/18 MP: 1/1
     0 | D:5      | magus.rc [v1.9.6]
    33 | D:5      | Reached skill level 5 in Stealth
    33 | D:5      | Gained mutation: You may rarely emit foul miasma when
                  | damaged in melee. [demonic ancestry]
    33 | D:5      | Reached XP level 2. HP: 14/24 MP: 2/2
   171 | D:5      | HP: 5/24 [white imp (2)]
   175 | D:5      | Killed from afar by a white imp

Vanquished Creatures
  An adder (D:5)
1 creature vanquished.

Table legend:
 A = Non-vault XP
 B = Vault XP
 C = Vault XP percentage of total XP
 D = Non-vault monster count
 E = Vault monster count
 F = Vault count percentage of total count
                 A         B        C        D         E       F
            +---------+---------+-------+---------+---------+-------
      Total |      13 |       0 |   0.0 |       1 |       0 |   0.0
            +---------+---------+-------+---------+---------+-------
        D:5 |      13 |       0 |   0.0 |       1 |       0 |   0.0
            +---------+---------+-------+---------+---------+-------

Illustrated notes

Table legend:
 A = Kills in this place as a percentage of kills in entire the game.
 B = Kills by you in this place as a percentage of kills by you in the entire game.
 C = Kills by friends in this place as a percentage of kills by friends in the entire game.
 D = Other kills in this place as a percentage of other kills in the entire game.
 E = Experience gained in this place as a percentage of experience gained in the entire game.
 F = Experience gained in this place divided by the number of levels of this place that you have seen.
                   A       B       C       D       E      F
               +-------+-------+-------+-------+-------+----------------------
         Total | 100.0 | 100.0 |   N/A |   N/A | 100.0 |  13.0
       Dungeon | 100.0 | 100.0 |   N/A |   N/A | 100.0 |  13.0
               +-------+-------+-------+-------+-------+----------------------

Table legend: (Time is in decaauts)
 A = Elapsed time spent in this place.
 B = Non-inter-level travel time spent in this place.
 C = Inter-level travel time spent in this place.
 D = Time resting spent in this place.
 E = Time spent auto-exploring this place.
 F = Levels seen in this place.
 G = Mean time per level.
                   A        B        C        D        E       F      G
               +--------+--------+--------+--------+--------+-----+--------+
         Total |    175 |    175 |      0 |      4 |    130 |   1 |  175.0 |
       Dungeon |    175 |    175 |      0 |      4 |    130 |   1 |  175.0 |
               +--------+--------+--------+--------+--------+-----+--------+

Top non-repeatable levels by time:
     D:5: 175 daAuts
